 Dungeon Crawl Stone Soup version 0.31.0-32-g396128a36d (webtiles) character file.

Game seed: 2714656665994566602

864 H0rd4k the Insei (level 8, -6/53 HPs)
             Began as an Octopode Artificer on Apr 12, 2024.
             Killed by divine providence
             ... invoked by an orc priest
              (11 damage)
             ... on level 4 of the Dungeon.
             The game lasted 00:04:34 (3528 turns).

H0rd4k the Insei (Octopode Artificer)               Turns: 3528, Time: 00:04:35

Health: -6/53      AC:  1    Str: 11    XL:     8   Next: 3%
Magic:  8/8        EV: 13    Int: 15    God:
Gold:   233        SH:  0    Dex: 13    Spells: 7/7 levels left

rFire   + + +        u - +6 rapier of Breach {freeze, rPois rF+++ rC- Stlth-}
rCold   x . .        (no shield)
rNeg    . . .        (helmet restricted)
rPois   +            (no amulet)
rElec   .            (no ring)
rCorr   .            (no ring)
SInv    .            (no ring)
Will    .....        (no ring)
Stlth   ++           (no ring)
HPRegen 0.28/turn    (no ring)
MPRegen 0.11/turn    (no ring)
                     (no ring)

%: no passive effects
@: no status effects
A: almost no armour, amphibious, 8 rings, camouflage 1, gelatinous body 1,
(nimble swimmer 1), tentacles
a: no special abilities


You were on level 4 of the Dungeon.
You visited 1 branch of the dungeon, and saw 4 of its levels.

You collected 233 gold pieces.

Inventory:

Hand Weapons
 u - the +6 rapier of Breach (weapon) {freeze, rPois rF+++ rC- Stlth-}
   (You found it on level 3 of the Dungeon)

   rF+++:     It renders you almost immune to fire.
   rC-:       It makes you vulnerable to cold.
   rPois:     It protects you from poison Stlth-: It makes you less stealthy.
Missiles
 y - 3 poisoned darts
Jewellery
 m - a ring of fire
Wands
 b - a wand of flame (4) (quivered)
 c - a wand of charming (11)
 d - a wand of iceblast (14)
 q - a wand of quicksilver (14)
Scrolls
 f - 2 scrolls of teleportation {unknown}
 g - 2 scrolls of identify {unknown}
 h - a scroll of poison {unknown}
 l - 2 scrolls of silence {unknown}
 o - a scroll of torment {unknown}
 p - a scroll of immolation {unknown}
 s - 3 scrolls of blinking {unknown}
 t - 2 scrolls of revelation {unknown}
Potions
 a - 3 potions of degeneration {unknown}
 e - a potion of ambrosia {unknown}
 i - 3 potions of haste {unknown}
 j - a potion of might {unknown}
 k - a potion of enlightenment {unknown}
 n - a potion of berserk rage {unknown}
 r - a potion of curing {unknown}
 v - 2 potions of invisibility {unknown}
 w - a potion of brilliance {unknown}
 x - a potion of lignification {unknown}


   Skills:
 + Level 3.6 Fighting
 + Level 4.1 Short Blades
 - Level 2.3 Dodging
 - Level 1.3 Stealth
 + Level 6.5 Unarmed Combat
 - Level 3.2 Evocations


You had 7 spell levels left.
You didn't know any spells.
Your spell library was empty.

Dungeon Overview and Level Annotations

Branches:
Dungeon (4/15)
 Temple: D:4-7

Altars:
Dithmenos
Elyvilon
Ru
Uskayaw

Annotations:
D:3 exclusion: downstairs


Innate Abilities, Weirdness & Mutations

You cannot wear most types of armour.
You are amphibious.
You can wear up to eight rings at the same time.
Your skin changes colour to match your surroundings (Stealth+).
Your rubbery body absorbs attacks. (AC +1, EV +1)
((You are camouflaged when in or above water. (Stealth+)))
You have tentacles for arms and can constrict up to eight enemies at once.


Message History

You hear a shout!
An orc priest comes into view. It is wielding a +0 hand axe.
An orc priest comes into view. It is wielding a +0 club.
The orc hits you with a +0 short sword.
There are monsters nearby!
You puncture the orc! You freeze the orc.
You kill the orc!
The orc priest looks satisfied for a moment.
The orc barely misses you.
You hit the orc. You freeze the orc.
You kill the orc!
There are monsters nearby!
There are monsters nearby!
The orc priest begins to cast a cantrip, but forgets the words!
You see here a +0 club.
You hit the orc priest. You freeze the orc priest. You grab the orc priest.
The orc priest is heavily wounded.
You constrict the orc priest, but do no damage.
The orc priest calls down the wrath of Beogh upon you.
Beogh smites you!
There are monsters nearby!
You are too injured to fight recklessly!
You are too injured to fight recklessly!
You are too injured to fight recklessly!
You puncture the orc priest! You freeze the orc priest.
You kill the orc priest!
The orc priest calls down the wrath of Beogh upon you.
Beogh smites you!
* * * LOW HITPOINT WARNING * * *
Your Short Blades skill increases to level 4!
You have reached level 8!
Aiming: Iceblast
Press: ? - help, Shift-Dir - straight line, f - orc priest
Aim: an orc priest, wielding a +0 club The mass of ice explodes!
The iceblast engulfs the orc priest!
The orc priest is severely wounded.
You hear a shout!
The orc priest invokes the aid of Beogh against you.
Beogh smites you!
You die...

≈≈≈≈≈≈≈≈≈≈≈≈≈≈≈≈≈≈≈≈≈≈≈≈≈≈≈≈≈≈≈≈≈
≈≈≈≈≈≈≈≈≈≈≈≈≈≈≈≈≈≈≈≈≈≈≈≈≈≈≈≈≈≈≈≈≈
#################################
........# #....# ......#...
.......+ #....# ...K..'...
......#########....#########)..
#..........#......#.......)..
#.........o)......(......)...
#####..........#@)....#..........
........#########....#########...
....K...'K......#..).#.......'...
........#K......#.)..#.......#...
##################))#############
≈≈≈≈≈≈≈≈≈≈≈≈≈≈≈~~)....()≈≈≈≈≈≈≈≈≈
≈≈≈≈≈≈≈~≈≈~≈≈≈≈~.....~~≈≈≈≈≈~≈≈≈≈
~~~~~~~~~~~~~~~~~....~~~~~~~~~~~~
~~~~.~~~~~~~~.~~~.....)(~~.~...~~


You could see an orc priest.

Vanquished Creatures
  Edmund (D:4)
  An orc warrior (D:4)
  A kobold brigand (D:4)
  A bombardier beetle (D:4)
  3 hounds (D:4)
  A jelly (D:4)
  An orc priest (D:4)
  Jessica (D:3)
  Terence (D:3)
  An iguana (D:4)
  An orc wizard (D:4)
  2 adders
  8 gnolls (D:4)
  3 dart slugs
  3 ribbon worms
  8 orcs
  3 endoplasms
  6 giant cockroaches
  4 goblins
  7 hobgoblins
  4 jackals (D:4)
  29 kobolds (D:4)
  3 quokkas
  4 ball pythons
  6 bats
  A frilled lizard (D:3)
  4 rats
108 creatures vanquished.

Vanquished Creatures (collateral kills)
  An orc priest (D:4)
  A bombardier beetle (D:3)
  A gnoll (D:4)
  An orc (D:4)
  A hobgoblin (D:3)
  5 kobolds
10 creatures vanquished.

Grand Total: 118 creatures vanquished

Notes
Turn   | Place    | Note
-------+----------+-------------------------------------------
     0 | D:1      | H0rd4k the Octopode Artificer began the quest for the Orb.
     0 | D:1      | Reached XP level 1. HP: 13/13 MP: 1/1
     7 | D:1      | Noticed a hog
     7 | D:1      | Noticed a black bear
     7 | D:1      | Noticed a snapping turtle
     8 | D:1      | Noticed an eight-headed hydra
     8 | D:1      | Noticed a lindwurm
   369 | D:1      | Reached skill level 1 in Unarmed Combat
   402 | D:1      | Reached XP level 2. HP: 14/18 MP: 2/2
   606 | D:2      | Reached skill level 2 in Unarmed Combat
   809 | D:2      | Reached XP level 3. HP: 20/23 MP: 3/3
  1265 | D:3      | Noticed Terence
  1268 | D:3      | Found a sacrificial altar of Ru.
  1286 | D:3      | Reached skill level 3 in Unarmed Combat
  1291 | D:3      | Reached XP level 4. HP: 27/28 MP: 4/4
  1337 | D:3      | Found a shadowy altar of Dithmenos.
  1406 | D:3      | Found a hide-covered altar of Uskayaw.
  1494 | D:3      | Killed Terence
  1495 | D:3      | Reached skill level 4 in Unarmed Combat
  1499 | D:3      | Found a white marble altar of Elyvilon.
  1500 | D:3      | Identified the +6 rapier of Breach {freeze, rPois rF+++ rC-
                  | Stlth-}
  1632 | D:3      | Noticed Jessica
  1636 | D:3      | Killed Jessica
  1637 | D:3      | Reached XP level 5. HP: 32/33 MP: 5/5
  1756 | D:4      | Noticed an orc warrior
  1875 | D:4      | Reached skill level 5 in Unarmed Combat
  1889 | D:4      | Reached XP level 6. HP: 34/39 MP: 6/6
  2212 | D:4      | Reached skill level 1 in Short Blades
  2451 | D:4      | Killed an orc warrior
  2452 | D:4      | Reached skill level 6 in Unarmed Combat
  2452 | D:4      | Reached XP level 7. HP: 18/45 MP: 7/7
  3449 | D:4      | Noticed Edmund
  3492 | D:4      | Killed Edmund
  3528 | D:4      | Reached XP level 8. HP: 5/53 MP: 8/8
  3528 | D:4      | Killed from afar by an orc priest

Illustrated notes

Levels and vault maps discovered:
D:1:      onia_arrival_zoo_common, layout_rooms, columned_hall_lemuel,
          skrybe_limestone_x, chequers_serial_rivers_large_b
D:2:      layout_basic, corexii_item_surrounded_by_moat
D:3:      layout_rooms, elyvilon_altar_5, mainiacjoe_overflow_alcove_1,
          mainiacjoe_overflow_catwalk_spiral, grunt_decor_one_mirror,
          minmay_misc_feat_cross, uniq_jessica, uniq_terence
D:4:      minmay_goblin_kobold_castle, layout_rooms,
          chequers_serial_rivers_large_a, dreamdust_gnoll_farm, uniq_edmund

Skill      XL: |  1  2  3  4  5  6  7 |
---------------+----------------------+-----
Unarmed Combat | 1 2 3 4 5 6 |  6.5
Fighting       | 2 3 |  3.6
Short Blades   | 1 4 |  4.1
Dodging        | |  2.3
Stealth        | |  1.3
Evocations     | |  3.2

Action                     |  1- 3 |  4- 6 |  7- 9 || total
---------------------------+-------+-------+-------++-------
  Melee: Unarmed           |    59 |    12 |       ||    71
         Constrict         |    17 |    19 |    13 ||    49
         Tentacles         |    11 |    16 |    11 ||    38
         Punch             |     1 |     2 |     2 ||     5
         Rapier            |       |    50 |    85 ||   135
  Evoke: Wand              |     1 |     8 |     8 ||    17
   Stab: Sleeping          |     8 |     3 |       ||    11
         Betrayed ally     |       |       |     1 ||     1
 Armour: Skin              |    19 |    44 |    55 ||   118
  Dodge: Dodged            |    36 |    68 |    74 ||   178
